 Dungeon Crawl Stone Soup version 0.29.0-4-gdea44cf6ec (webtiles) character file.

Game seed: 15123298843775539330

13 qw the Chopper (level 2, -1/17 HPs)
             Began as a Tengu Warper on Aug 28, 2022.
             Slain by Terence
             ... wielding a +2 mace of protection
              (6 damage)
             ... on level 2 of the Dungeon.
             The game lasted 00:00:03 (952 turns).

qw the Chopper (Tengu Warper)                        Turns: 952, Time: 00:00:04

Health: -1/17      AC:  5    Str: 11    XL:     2   Next: 37%
Magic:  6/6        EV: 10    Int: 13    God:
Gold:   55         SH:  0    Dex: 13    Spells: 5/5 levels left

rFire   + . .      SeeInvis .   Y - +0 hand axe
rCold   . . .      Faith    .   (no shield)
rNeg    . . .      Spirit   .   g - +0 ring mail
rPois   .          Reflect  .   (helmet restricted)
rElec   .          Harm     .   (no cloak)
rCorr   .          Rampage  .   (no gloves)
Will    .....                   (boots unavailable)
Stlth   +.........              (no amulet)
HPRegen 0.05/turn               e - ring of protection from fire
MPRegen 0.10/turn               (no ring)

@: no status effects
A: beak, talons 3
a: no special abilities


You were on level 2 of the Dungeon.
You visited 1 branch of the dungeon, and saw 2 of its levels.

You collected 55 gold pieces.


Innate Abilities, Weirdness & Mutations

You have a beak for a mouth.
You have claws for feet.


   Skills:
 - Level 2.0 Fighting
 + Level 3.3 Axes
 - Level 1.0 Throwing
 - Level 1.1 Armour
 - Level 2.1 Dodging
 - Level 2.0 Spellcasting
 - Level 2.4 Translocations


You had 5 spell levels left.
You didn't know any spells.
Your spell library contained the following spells:

 Spells                   Type           Power      Damage    Failure   Level
 Blink                    Tloc           14%        N/A       34%         2
 Gell's Gravitas          Tloc           7%         N/A       56%         3
 Lesser Beckoning         Tloc           7%         N/A       56%         3
 Teleport Other           Tloc           7%         N/A       56%         3
 Manifold Assault         Tloc           7%         N/A       99%         5

Inventory:

Hand Weapons
 m - a +0 whip
 Y - a +0 hand axe (weapon)
Armour
 g - a +0 ring mail (worn)
Jewellery
 e - a ring of protection from fire (left hand)
Scrolls
 a - a scroll of torment {unknown}
 k - 2 scrolls of teleportation
Potions
 d - a potion of magic {unknown}
 h - a potion of flight {unknown}
 j - a potion of haste {unknown}
 l - 3 potions of heal wounds

Dungeon Overview and Level Annotations

Branches:
Dungeon (2/15)

Altars:

Annotations:
D:2 Terence


Message History

Waypoint 1 assigned to D:2.
Enter note: The bat hits you but does no damage.
You hit the bat. Your kick misses the bat.
The bat is severely wounded.
The bat hits you but does no damage.
You hit the bat.
You kill the bat!
A ball python comes into view.
The ball python hisses angrily.
You hear a shout!
The ball python bites you but does no damage.
The ball python barely misses you.
You hit the ball python. Your kick misses the ball python.
Your peck misses the ball python.
The ball python is moderately wounded.
The ball python barely misses you. The ball python grabs you.
The ball python constricts you.
You hit the ball python.
You kill the ball python!
a - a scroll labelled KYETSIG XOHYAF A kobold comes into view.
It is wielding a +0 short sword.
943 ||| Stepping ~*~*~tactically~*~*~ (stealth).
The kobold shouts!
Terence the Incautious comes into view.
He is wielding a +2 mace of protection.
You closely miss the kobold. Your kick misses the kobold.
Your peck misses the kobold.
An adder comes into view.
The kobold hits you but does no damage.
948 ||| Stepping ~*~*~tactically~*~*~ (stealth).
You barely miss the kobold. Your kick misses the kobold.
The kobold hits you with a +0 short sword.
You hit the kobold but do no damage. You claw the kobold.
You kill the kobold!
You barely miss Terence. You claw Terence, but do no damage.
Terence hits you with a +2 mace of protection!
Terence closely misses you.
You hit Terence but do no damage. Your kick misses Terence.
Your peck misses Terence.
Terence hits you with a +2 mace of protection.
You die...

....# ...# ...
...# .... ..#
#..## ..
..####......
.#..###.... ......
...S.....###<.....
#)##......#
##@##<%:...#
#.@%.......#
#......#####
#....#...##
..#.>..###..##
#............#
##############


You could see Terence.

Vanquished Creatures
  2 endoplasms (D:1)
  A goblin (D:1)
  4 ball pythons
  A bat (D:2)
  A frilled lizard (D:1)
  2 kobolds
  2 rats (D:1)
13 creatures vanquished.

Notes
Turn   | Place    | Note
-------+----------+-------------------------------------------
     0 | D:1      | qw the Tengu Warper began the quest for the Orb.
     0 | D:1      | Reached XP level 1. HP: 12/12 MP: 4/4
     0 | D:1      | 0 ||| qw: Version: 0.1-a-89-g26bdef1
     0 | D:1      | 0 ||| qw: Game counter: 2638
     0 | D:1      | 0 ||| qw: Always use a shield: true
     0 | D:1      | 0 ||| qw: God list: Okawaru
     0 | D:1      | 0 ||| qw: Allow faded altars: false
     0 | D:1      | 0 ||| qw: Do Orc after D:15 true
     0 | D:1      | 0 ||| qw: Do second Lair branch before Depths: true
     0 | D:1      | 0 ||| qw: Lair rune preference: random
     0 | D:1      | 0 ||| qw: Plans: Normal
     0 | D:1      | 0 ||| PLANNING D:1-11
    89 | D:1      | 89 ||| Stepping ~*~*~tactically~*~*~ (stealth).
   101 | D:1      | Reached XP level 2. HP: 11/17 MP: 6/6
   237 | D:1      | Reached skill level 3 in Axes
   701 | D:1      | 701 ||| DROPPING +0 club.
   884 | D:1      | 884 ||| UPGRADING to +0 ring mail.
   894 | D:1      | 894 ||| DROPPING +0 leather armour.
   895 | D:1      | 895 ||| UPGRADING to ring of protection from fire.
   896 | D:1      | 896 ||| READING scroll labelled WACYUM ACEMM.
   897 | D:1      | 897 ||| READING 3 scrolls labelled IWYXOSABRA.
   901 | D:1      | 901 ||| DRINKING 4 bubbling red potions.
   902 | D:1      | 902 ||| DROPPING scroll of blinking.
   943 | D:2      | 943 ||| Stepping ~*~*~tactically~*~*~ (stealth).
   946 | D:2      | Noticed Terence
   948 | D:2      | 948 ||| Stepping ~*~*~tactically~*~*~ (stealth).
   952 | D:2      | Slain by Terence

Levels and vault maps discovered:
D:1:      erik_arrival_cave_to_civilisation [erik_arrival_cave_to_hall],
          layout_basic
D:2:      layout_rooms, basic_altar, hellmonk_ecumenical_altar_watching_god,
          serial_shops, nicolae_shop_behind_doors, uniq_crazy_yiuf_cottage,
          uniq_terence

Skill      XL: |  1  2 |
---------------+-------+-----
Axes           | 3 |  3.3
Fighting       | |  2.0
Throwing       | |  1.0
Armour         | |  1.1
Dodging        | |  2.1
Spellcasting   | |  2.0
Translocations | |  2.4

Action                   || total
-------------------------++-------
Melee: Hand axe          ||    25
       Peck              ||     3
       Kick              ||     6
Throw: Boomerang         ||     7
  Use: Scroll            ||     2
       Potion            ||     1
Armor: Leather armour    ||     3
       Ring mail         ||     4
Dodge: Dodged            ||     7

Table legend:
 A = Non-vault XP
 B = Vault XP
 C = Vault XP percentage of total XP
 D = Non-vault monster count
 E = Vault monster count
 F = Vault count percentage of total count
                 A         B        C        D         E       F
            +---------+---------+-------+---------+---------+-------
      Total |      16 |       3 |  15.8 |      11 |       2 |  15.4
            +---------+---------+-------+---------+---------+-------
        D:1 |      12 |       3 |  20.0 |       8 |       2 |  20.0
        D:2 |       4 |       0 |   0.0 |       3 |       0 |   0.0
            +---------+---------+-------+---------+---------+-------
